AoeStats
← AxingQuestions

Lombardia

507384807Analyzed
4v4 RM · 14d ago on Sep 18, 2026· 26m 52s· 8 players
Game mode
Random Map
Map size
Large (8 player)
Population
200
Speed
Normal
Resources
Standard
Victory
Conquest
Starting age
Dark Age
Ending age
Imperial Age
RankedLock teamsTeams togetherTeam positionsShared explorationLock speedFull tech treeHidden civsTurbo modeCheats
Victory
Defeat
🇺🇸 Jurchens · United States
1330
+14
🇺🇸 Muisca · United States
1327
+14
🇺🇸 Magyars · United States
1297
+16
🇺🇸 Byzantines · United States
1182
+21
🇨🇳 Georgians · China
1335
-18
🇧🇷 Magyars · Brazil
1299
-17
🇺🇸 Vikings · United States
1269
-15
🇨🇳 Huns · China
1249
-15
AxingQuestions
5:10 Loom
10:41 Feudal Age
15:28 Castle Age
14:29 Double-Bit Axe
14:36 Horse Collar
16:42 Bow Saw
16:33 Heavy Plow
23:09 Fletching
23:36 Stone Mining
23:37 Gold Mining
nborgesfilho
6:20 Loom
8:38 Feudal Age
19:09 Castle Age
18:30 Fletching
19:11 Padded Archer Armor
20:47 Bloodlines
SlyFever
1:01 Loom
10:56 Feudal Age
11:25 Feudal Age
12:41 Horse Collar
13:30 Loom
17:47 Castle Age
16:12 Double-Bit Axe
21:00 Wheelbarrow
27:33 Forging
EU _XING
1:35 Loom
3:41 Loom
9:51 Feudal Age
11:28 Wheelbarrow
12:12 Town Watch
12:16 Horse Collar
19:58 Gold Mining
20:03 Stone Mining
22:14 Castle Age
20:51 Scale Barding Armor
20:41 Double-Bit Axe
21:44 Fletching
22:54 Bodkin Arrow
23:57 Murder Holes
26:47 Bow Saw
Arrowhead
6:40 Loom
9:17 Feudal Age
11:25 Double-Bit Axe
18:00 Wheelbarrow
19:13 Bloodlines
22:13 Castle Age
23:38 Hand Cart
23:21 Fletching
23:37 Light Cavalry
24:15 Bodkin Arrow
26:48 Bow Saw
hawkeyejnm
4:42 Loom
11:25 Feudal Age
13:07 Double-Bit Axe
15:25 Castle Age
14:53 Horse Collar
15:40 Light Cavalry
18:14 Bloodlines
18:45 Husbandry
19:43 Bow Saw
20:07 Forging
20:43 Scale Barding Armor
22:05 Chain Barding Armor
Motku
6:17 Loom
7:24 Loom
10:11 Feudal Age
11:34 Double-Bit Axe
14:06 Horse Collar
16:47 Fletching
20:05 Wheelbarrow
23:36 Castle Age
22:25 Padded Archer Armor
23:40 Crossbowman
24:18 Bodkin Arrow
24:36 Bow Saw
Relik
8:21 Loom
11:05 Feudal Age
15:11 Castle Age
18:49 Redemption
Connection lost

Rejoining the realm…

Still unreachable

The connection could not be restored.

Session expired

The server has moved on; the page needs a fresh start.